 Dungeon Crawl Stone Soup version 0.30.1-3-gfc49f6343a (webtiles) character file.

Game seed: 17528336101383627430

522331 Plommelars the Slayer (level 24, -9/247 HPs)
             Began as a Minotaur Fighter on Aug 9, 2023.
             Was the Champion of Qazlal.
             Mangled by a rockslime (30 damage)
             ... created by the Royal Jelly
             ... on level 4 of the Pits of Slime on Aug 10, 2023.
             The game lasted 02:17:27 (54977 turns).

Plommelars the Slayer (Minotaur Fighter)           Turns: 54977, Time: 02:17:28

Health: -9/247     AC: 28    Str: 30    XL:     24   Next: 15%
Magic:  28/38      EV: 11    Int:  3    God:    Qazlal [******]
Gold:   5694       SH: 43    Dex: 15    Spells: 23/23 levels left

rFire   + + +        i - +9 broad axe (spect)
rCold   + + .        e - +8 tower shield
rNeg    + . .        d - +12 gold dragon scales
rPois   +            I - +2 hat
rElec   +            s - scarf {rC+ rF+}
rCorr   .            W - +0 pair of gloves of the Kettle-Drum {Drain rF+ Will+ Stlth+}
SInv    .            S - +2 pair of boots of the Spider Nest {rElec rN+ Will+}
Will    ++++.        U - amulet of reflection Stlth
                     c - ring of Dogma {Will+ Int-2 Dex+2 Stlth+}
HPRegen 0.00/turn    B - +4 ring of protection
MPRegen 0.26/turn

%: repel missiles, reflection
@: engulfed (cannot breathe), protected from physical damage, corroded,
inhibited regen
A: horns 2, retaliatory headbutt, inhibited regeneration
}: 3/15 runes: decaying, silver, gossamer
a: Renounce Religion, Upheaval, Elemental Force, Disaster Area


You were on level 4 of the Pits of Slime.
You worshipped Qazlal.
Qazlal was exalted by your worship.
You visited 9 branches of the dungeon, and saw 47 of its levels.
You also visited: Bailey.

You collected 6485 gold pieces.
You spent 791 gold pieces at shops.

Inventory:

Hand Weapons
 i - a +9 spectral broad axe (weapon)
Armour
 d - +12 gold dragon scales (worn)
 e - a +8 tower shield (worn)
 r - the +8 orange crystal plate armour {Archmagi, Int+3 Clar}
   (You acquired it on level 11 of the Dungeon)

   Int:       It affects your intelligence (+3).
   Clar:      It protects you from confusion, rage, mesmerisation and fear.
 s - a scarf of resistance (worn)
 I - a +2 hat (worn)
 S - the +2 pair of boots of the Spider Nest (worn) {rElec rN+ Will+}
   (You found it on level 3 of the Elven Halls)

   rElec:     It insulates you from electricity.
   rN:        It protects you from negative energy.
   Will:      It increases your willpower.
 W - the +0 pair of gloves of the Kettle-Drum (worn) {Drain rF+ Will+ Stlth+}
   (You found it on level 10 of the Dungeon)

   rF:        It protects you from fire.
   Drain:     It drains your maximum health when unequipped.
   Will:      It increases your willpower.
   Stlth:     It makes you more stealthy.
Jewellery
 b - a ring of protection from fire
 c - the ring of Dogma (left hand) {Will+ Int-2 Dex+2 Stlth+}
   (You acquired it on level 3 of the Vaults)

   [ring of willpower]

   Int:       It affects your intelligence (-2).
   Dex:       It affects your dexterity (+2).
   Will:      It increases your willpower.
   Stlth:     It makes you more stealthy.
 n - a ring of protection from cold
 B - a +4 ring of protection (right hand)
 C - a ring of wizardry
 N - a ring of poison resistance
 T - a ring of positive energy
 U - an amulet of reflection (around neck)
 V - a ring of flight
 Z - a ring of see invisible
Wands
 q - a wand of flame (20)
 J - a wand of paralysis (26)
 X - a wand of digging (40)
 Y - a wand of light (41)
Scrolls
 a - 8 scrolls of magic mapping
 h - 23 scrolls of teleportation
 j - 7 scrolls of poison
 k - 3 scrolls of enchant armour
 p - 10 scrolls of immolation
 w - 6 scrolls of fear
 y - a scroll of summoning
 D - a scroll of torment
 E - a scroll of silence
 H - 6 scrolls of blinking
 K - 7 scrolls of fog
 O - 3 scrolls of brand weapon
 Q - 2 scrolls of amnesia
Potions
 f - 12 potions of ambrosia
 g - 6 potions of haste
 l - 4 potions of resistance
 m - 8 potions of attraction
 u - 4 potions of lignification
 v - 3 potions of magic
 x - 6 potions of berserk rage
 z - 13 potions of flight
 A - 24 potions of curing
 F - 5 potions of invisibility
 G - 12 potions of mutation
 L - 7 potions of heal wounds
 M - 3 potions of cancellation
 R - 5 potions of brilliance


   Skills:
 + Level 26.6 Fighting
 * Level 19.6 Axes
 + Level 24.9 Armour
 - Level 9.3 Dodging
 - Level 21.2 Shields
 * Level 24.1 Invocations


You had 23 spell levels left.
You didn't know any spells.
Your spell library contained the following spells:

 Spells                   Type           Power      Damage    Failure   Level
 Apportation              Tloc           0%         N/A       99%         1
 Beastly Appendage        Tmut           0%         N/A       99%         1
 Magic Dart               Conj           0%         1d3       99%         1
 Necrotise                Necr           0%         1d4       99%         1
 Shock                    Conj/Air       0%         1d3       99%         1
 Slow                     Hex            0%         N/A       99%         1
 Sting                    Tmut/Pois      0%         1d3       99%         1
 Summon Small Mammal      Summ           0%         N/A       99%         1
 Call Imp                 Summ           0%         N/A       100%        2
 Ensorcelled Hibernation  Hex/Ice        0%         N/A       100%        2
 Lesser Beckoning         Tloc           0%         N/A       100%        2
 Passwall                 Tmut/Erth      0%         N/A       100%        2
 Poisonous Vapours        Pois/Air       0%         N/A       100%        2
 Wereblood                Tmut           0%         N/A       100%        2
 Call Canine Familiar     Summ           0%         N/A       100%        3
 Confusing Touch          Hex            0%         N/A       100%        3
 Dazzling Flash           Conj/Hex       0%         N/A       100%        3
 Gell's Gravitas          Tloc           0%         N/A       100%        3
 Ignite Poison            Fire/Tmut/Pois 0%         N/A       100%        3
 Inner Flame              Hex/Fire       0%         N/A       100%        3
 Mephitic Cloud           Conj/Pois/Air  0%         N/A       100%        3
 Portal Projectile        Hex/Tloc       0%         N/A       100%        3
 Spider Form              Tmut/Pois      0%         N/A       100%        3
 Stone Arrow              Conj/Erth      0%         3d7       100%        3
 Summon Guardian Golem    Hex/Summ       0%         N/A       100%        3
 Swiftness                Air            0%         N/A       100%        3
 Teleport Other           Tloc           0%         N/A       100%        3
 Tukima's Dance           Hex            0%         N/A       100%        3
 Vampiric Draining        Necr           0%         2d6       100%        3
 Volatile Blastmotes      Fire/Tloc      0%         2d10      100%        3
 Airstrike                Air            0%         2d(0-16)  100%        4
 Anguish                  Hex/Necr       0%         N/A       100%        4
 Animate Armour           Summ/Erth      0%         N/A       100%        4
 Flame Wave               Conj/Fire      0%         2d4       100%        4
 Iskenderun's Mystic Bla  Conj/Tloc      0%         2d3       100%        4
 Leda's Liquefaction      Hex/Erth       0%         N/A       100%        4
 Olgreb's Toxic Radiance  Pois           0%         N/A       100%        4
 Petrify                  Tmut/Erth      0%         N/A       100%        4
 Sticky Flame             Conj/Fire      0%         2d3       100%        4
 Agony                    Necr           0%         N/A       100%        5
 Alistair's Intoxication  Tmut/Pois      0%         N/A       100%        5
 Blade Hands              Tmut           0%         N/A       100%        5
 Borgnjor's Vile Clutch   Necr/Erth      0%         N/A       100%        5
 Fireball                 Conj/Fire      0%         3d3       100%        5
 Freezing Cloud           Conj/Ice/Air   0%         6-21      100%        5
 Metabolic Englaciation   Hex/Ice        0%         N/A       100%        5
 Silence                  Hex/Air        0%         N/A       100%        5
 Summon Forest            Summ/Tloc      0%         N/A       100%        5
 Yara's Violent Unravell  Hex/Tmut       0%         3d3       100%        5
 Dispersal                Tloc           0%         N/A       100%        6
 Eringya's Noxious Bog    Tmut/Pois      0%         N/A       100%        6
 Plasma Beam              Fire/Air       0%         2x1d11    100%        6
 Starburst                Conj/Fire      0%         6d3       100%        6
 Statue Form              Tmut/Erth      0%         N/A       100%        6
 Ignition                 Fire           0%         3d3       100%        8
 Lehudib's Crystal Spear  Conj/Erth      0%         10d2      100%        8


Dungeon Overview and Level Annotations

Branches:
Dungeon (15/15)            Temple (0/1) D:6            Lair (5/5) D:8
  Swamp (4/4) Lair:3       Spider (4/4) Lair:2        Slime (5/5) Lair:5
    Orc (2/2) D:12            Elf (3/3) Orc:2        Vaults (5/5) D:14
  Crypt (0/3) Vaults:2     Depths (4/4) D:15            Zot (0/5) Depths:4
 Bailey (visited)

Altars:
Dithmenos
Hepliaklqana
Kikubaaqudgha
Makhleb
Qazlal
Ru
Sif Muna
Trog
Vehumet
Lugonu

Shops:
D:1 ?   D:9 *   D:12 [   Orc:2 :([*:   Elf:3 [   Vaults:3 =?

Portals:
Hell: Depths:1 Depths:2 Depths:3 Depths:4
Abyss: Lair:5 Depths:1 Depths:3
Pandemonium: Depths:1 Depths:2
Ziggurat: Depths:4

Annotations:
D:5 1 runed translucent door
D:10 3 runed translucent doors
Slime:5 Royal Jelly


Innate Abilities, Weirdness & Mutations

You have a pair of horns on your head.
You reflexively headbutt those who attack you in melee.
You do not regenerate when monsters are visible.


Message History

The quicksilver ooze is engulfed in blazing flames.
You block the rockslime's attack.
The rockslime is engulfed in a thunderstorm.
You block the rockslime's attack. x3
The acid blob jiggles.
The acid blob is engulfed in freezing vapours.
The acid blob hits you but does no damage.
You climb upwards.
There is a stone staircase leading down, spattered with blood here.
You are too injured to fight recklessly!
You feel much better.
You block the quicksilver ooze's attack. x2
You block the rockslime's attack.
The rockslime hits you but does no damage.
The rockslime is engulfed in freezing vapours.
The rockslime barely misses you. You block the rockslime's attack.
The acid blob spits acid at you. The splash of acid hits you!!
* * * LOW HITPOINT WARNING * * *
The quicksilver ooze hits you.
* * * LOW HITPOINT WARNING * * *
The quicksilver ooze engulfs you! The quicksilver ooze hits you.
* * * LOW HITPOINT WARNING * * *
You feel your power leaking away. The rockslime hits you!!
* * * LOW HITPOINT WARNING * * *
Your resistance to cold fades away.
You feel protected from physical attacks.
You hold your ground!
You feel much better.
* * * LOW HITPOINT WARNING * * *
Your lungs strain for air!
You block the rockslime's attack. The rockslime hits you!
* * * LOW HITPOINT WARNING * * *
You hold your ground!
The rockslime is engulfed in freezing vapours.
You block the rockslime's attack.
You block the quicksilver ooze's attack. x2
You block the acid blob's attack. The rockslime hits you!!
You die...

#.......##...............
##..##..#................
#....#...#...............
##...............#..#....
##.......................
#........................
##..#....§○........#.#..#
#...#.#☼JJ...#......#....
##....☼J@J☼.###.....##...
##.....JJ.°#####...#####.
#.......°○.##.##...# #
#......#.......#..##
##................#
#...............##
##..#...#..#....##
#............#...#
#..#..8..#....#...#


You could see an acid blob, 4 rockslimes and a quicksilver ooze.

Vanquished Creatures
  Vv (Depths:2)
  Parghit (Depths:4)
  Sojobo (Depths:2)
  Boris (twice) (Vaults:3 Vaults:5)
  Bai Suzhen (Swamp:3)
  the Lernaean hydra (Swamp:4)
  Arachne (Spider:2)
  3 golden dragons
  Jorgrun (Elf:1)
  Rupert (D:12)
  A walking crystal tome (Depths:4)
  Asterion (Vaults:2)
  8 tentacled monstrosities
  The ghost of feta the Executioner, an adept HOFi of Okawaru (Swamp:2)
  5 liches
  Mlioglotl (Swamp:3)
  A walking frostbound tome (Depths:4)
  A quicksilver dragon (Vaults:5)
  2 deep elf master archers (Elf:3)
  4 deep elf blademasters
  A walking divine tome (Depths:2)
  2 titans (Vaults:5)
  9 acid blobs
  Frances (Swamp:2)
  3 thorn hunters
  10 shadow dragons
  8 tengu reavers
  4 storm dragons
  3 sphinxes
  Kirke (Swamp:3)
  2 fenstrider witches
  A draconian monk (Depths:4)
  7 rockslimes
  4 fire giants
  7 azure jellies
  6 frost giants
  6 deep elf sorcerers
  2 iron dragons
  6 emperor scorpions
  4 orc warlords
  15 vault wardens
  Aizul (Vaults:1)
  4 ghost moths
  2 deep elf elementalists (Elf:3)
  A quicksilver ooze (shapeshifter) (Vaults:5)
  3 ghouls
  20 ironbound preservers
  12 ironbound thunderhulks
  3 war gargoyles
  8 quicksilver oozes
  14 very ugly things
  13 stone giants
  A broodmother (Spider:4)
  3 green draconians (Depths:4)
  6 eleionomae
  5 deep elf demonologists
  5 deep elf annihilators
  3 black draconians (Depths:4)
  A yellow draconian (Depths:4)
  A vampire knight (Depths:2)
  3 dire elephants (Vaults:2)
  5 bunyips
  A red draconian (Depths:4)
  A purple draconian (Depths:4)
  8 spark wasps
  21 ettins
  5 fire dragons
  4 crystal guardians
  7 deep elf death magi
  2 merfolk javelineers
  2 entropy weavers (shapeshifter)
  19 yaktaur captains
  Josephine (Lair:4)
  5 deep elf high priests
  A merfolk impaler (Depths:1)
  2 shambling mangroves
  10 great orbs of eyes
  31 vault guards
  4 ice dragons
  3 rakshasas
  4 entropy weavers
  4 ogre magi
  23 hydras
  2 ghost crabs (Swamp:3)
  A spriggan air mage (Depths:2)
  3 radroaches
  A hell beast (Depths:1)
  7 ironbound frosthearts
  6 peacekeepers
  2 death knights (Vaults:2)
  7 boulder beetles
  A catoblepas (D:10)
  2 deep troll shamans
  3 jorogumos
  21 centaur warriors
  8 two-headed ogres
  13 deep troll earth magi
  8 alligators
  6 tengu warriors
  3 thrashing horrors (Lair:5)
  7 spriggan berserkers
  9 death yaks
  Urug (D:14)
  20 dancing weapons
  3 orc high priests (Orc:2)
  2 vampire magi
  A shock serpent (shapeshifter) (Depths:2)
  13 deep elf knights
  13 hell knights
  A soul eater (Depths:1)
  20 spriggans
  A fire crab (shapeshifter) (Elf:1)
  A shadow wraith (Vaults:5)
  10 iron trolls
  2 skeletal warriors
  8 pharaoh ants
  2 skysharks
  3 glowing orange brains
  A golden dragon zombie (D:15)
  A death drake (Swamp:2)
  69 deep trolls
  6 goliath frogs
  11 orb spiders
  7 spriggan druids
  7 bog bodies
  9 lindwurms
  4 harpies (Vaults:1)
  9 swamp dragons
  6 steelbarb worms
  10 deep elf archers
  3 wizards
  22 ironbound convokers
  9 orc knights
  20 deep elf zephyrmancers
  A phantasmal warrior (Vaults:5)
  11 necromancers
  6 cyclopes
  A sphinx zombie (Vaults:2)
  28 deep elf pyromancers
  2 shining eyes (Slime:4)
  A wolf spider (shapeshifter) (Vaults:4)
  A frost giant zombie (Vaults:2)
  2 manticores
  8 orc sorcerers
  5 will-o-the-wisps
  A shadow dragon skeleton (D:15)
  31 ugly things
  24 wolf spiders
  A stone giant zombie (Vaults:2)
  2 moths of wrath
  2 tengu skeletons (Vaults:2)
  4 black mambas
  A fire giant skeleton (Vaults:2)
  14 vault sentinels
  2 stone giant skeletons
  A black mamba (shapeshifter) (Vaults:5)
  An eye of devastation (shapeshifter) (Lair:5)
  2 smoke demons
  An eye of devastation (Slime:4)
  3 gargoyles
  3 torpor snails
  7 cane toads
  Maggie (D:8)
  8 demonic crawlers
  3 rime drakes
  A kobold demonologist (D:13)
  An elf skeleton (Vaults:1)
  45 yaktaurs
  An elf zombie (Vaults:1)
  6 freezing wraiths
  A yaktaur (shapeshifter) (Vaults:5)
  4 tengu conjurers
  A guardian mummy (D:15)
  An ancient zyme (Lair:5)
  8 komodo dragons
  15 meliai
  A hellwing (Depths:1)
  A queen bee (Spider:2)
  2 meliai (shapeshifter)
  3 polar bears
  10 trolls
  A queen bee (shapeshifter) (Depths:1)
  A troll (shapeshifter) (Vaults:4)
  A polar bear (shapeshifter) (D:12)
  A tengu simulacrum (Vaults:2)
  11 tyrant leeches
  3 saltlings (Vaults:1)
  21 hornets
  45 blink frogs
  Prince Ribbit (Bailey)
  16 tarantellas
  2 snapping turtles (shapeshifter)
  Sigmund (D:3)
  2 air elementals (Elf:2)
  A human simulacrum (Vaults:1)
  29 jumping spiders
  15 culicivoras
  2 ynoxinuls (Lair:5)
  A large abomination (Lair:5)
  A spriggan skeleton (D:15)
  A shadow (D:10)
  107 slime creatures
  10 wraiths
  43 yaks
  A vampire (D:10)
  2 basilisks
  3 wyverns
  11 water elementals
  21 humans
  4 hogs (Swamp:3)
  50 redbacks
  3 chaos spawn
  18 vampire mosquitoes
  A basilisk (shapeshifter) (Elf:3)
  An elf simulacrum (Vaults:2)
  2 steam dragons
  A warg (Orc:1)
  An ogre zombie (Vaults:2)
  12 swamp worms
  11 water moccasins
  3 acid dragons
  4 ice beasts
  10 swamp drakes
  38 orc warriors
  A black bear (shapeshifter) (Elf:3)
  4 ogres
  4 boggarts (Lair:4)
  3 black bears
  16 wolves
  3 centaurs
  4 phantoms
  A kobold brigand (D:10)
  2 human zombies (Vaults:2)
  25 bullfrogs
  A necrophage (D:14)
  18 scorpions
  9 small abominations (Lair:5)
  8 wights
  A tengu zombie (D:15)
  A killer bee (shapeshifter) (Elf:3)
  33 killer bees
  2 electric eels
  A howler monkey (shapeshifter) (Lair:5)
  A howler monkey (D:7)
  A gnoll bouda (D:6)
  2 hounds
  24 orc priests
  Crazy Yiuf (D:2)
  3 jellies
  Ijyb (D:5)
  3 iguanas
  3 sleepcaps
  23 orc wizards
  Robin (D:3)
  14 adders
  12 gnolls
  A river rat (shapeshifter) (Elf:3)
  2 shadow imps
  2 white imps
  An ufetubus (D:5)
  5 worms
  A worm (shapeshifter) (D:15)
  4 dart slugs
  The ghost of Esekla the Grave Robber, a weakling DENe (D:6)
  83 orcs
  9 ball pythons
  9 bats
  7 endoplasms
  6 giant cockroaches
  A giant cockroach (shapeshifter) (Vaults:5)
  16 goblins
  8 hobgoblins
  6 quokkas
  2 frilled lizards
  9 kobolds
  9 rats
  4 butterflies (D:5)
  9 spectral weapons
2030 creatures vanquished.

Vanquished Creatures (others)
  Boris (Vaults:2)
  Nessos (Lair:4)
  A fire dragon (Depths:3)
  A hydra (Swamp:4)
  A deep elf knight (Elf:1)
  A spriggan (Swamp:3)
  A goliath frog (Swamp:3)
  2 swamp dragons (Swamp:3)
  2 bloated husks
  A tyrant leech (Swamp:4)
  2 hornets (Swamp:3)
  A slime creature (Slime:4)
  An air elemental (Elf:1)
  2 orc wizards (Orc:2)
  A kobold (D:14)
  28 foxfires
  73 spectral weapons
120 creatures vanquished.

Grand Total: 2150 creatures vanquished

Notes
Turn   | Place    | Note
-------+----------+-------------------------------------------
     0 | D:1      | Plommelars the Minotaur Fighter began the quest for the
                  | Orb.
     0 | D:1      | Reached XP level 1. HP: 19/19 MP: 0/0
   167 | D:1      | Reached XP level 2. HP: 23/27 MP: 1/1
   264 | D:1      | Found Sabivaush's Magic Scroll Emporium.
   657 | D:2      | Reached skill level 4 in Fighting
   657 | D:2      | Reached XP level 3. HP: 31/33 MP: 2/2
   889 | D:2      | Reached XP level 4. HP: 36/40 MP: 3/3
   999 | D:2      | Found a runed translucent door.
  1000 | D:2      | Noticed Crazy Yiuf
  1370 | D:2      | Killed Crazy Yiuf
  1432 | D:3      | Noticed Robin
  1443 | D:3      | Killed Robin
  1457 | D:3      | Reached XP level 5. HP: 34/47 MP: 4/4
  1633 | D:3      | Found an ancient bone altar of Kikubaaqudgha.
  1670 | D:3      | Noticed Sigmund
  1687 | D:3      | Killed Sigmund
  1688 | D:3      | Reached skill level 5 in Axes
  1688 | D:3      | Reached XP level 6. HP: 34/55 MP: 5/5
  1790 | D:3      | Reached skill level 5 in Shields
  1981 | D:3      | Reached skill level 5 in Armour
  2021 | D:3      | Reached skill level 5 in Fighting
  2245 | D:4      | Found a stormy altar of Qazlal.
  2252 | D:4      | Became a worshipper of Qazlal Stormbringer
  2266 | D:4      | Reached XP level 7. HP: 57/61 MP: 6/6
  2327 | D:4      | Reached skill level 1 in Invocations
  2893 | D:4      | Reached skill level 6 in Fighting
  2900 | D:4      | HP: 3/63 [poisoned by a killer bee]
  3361 | D:5      | Entered Level 5 of the Dungeon
  3415 | D:5      | Noticed Ijyb
  3431 | D:5      | Killed Ijyb
  3462 | D:5      | Reached XP level 8. HP: 44/70 MP: 8/8
  3565 | D:5      | Found a runed translucent door.
  3567 | D:5      | Found a runed translucent door.
  3575 | D:5      | Reached * piety under Qazlal
  3920 | D:5      | Reached skill level 7 in Fighting
  4393 | D:5      | Reached XP level 9. HP: 75/79 MP: 9/11
  4882 | D:6      | Found a shimmering blue altar of Sif Muna.
  5208 | D:6      | Found a staircase to the Ecumenical Temple.
  5212 | D:6      | Found a runed translucent door.
  5219 | D:6      | Reached skill level 10 in Axes
  5228 | D:6      | Noticed Esekla's ghost (weakling DENe)
  5389 | D:6      | Killed Esekla's ghost
  5451 | D:6      | Found a burning altar of Makhleb.
  5767 | D:7      | Identified the +5 flail of the King {elec, Dex+3 SInv}
  5846 | D:7      | Reached skill level 8 in Fighting
  5870 | D:7      | Reached ** piety under Qazlal
  6011 | D:7      | Noticed a two-headed ogre
  6022 | D:7      | Killed a two-headed ogre
  6023 | D:7      | Reached skill level 5 in Invocations
  6206 | D:7      | Reached XP level 10. HP: 87/90 MP: 13/13
  6936 | D:8      | Found a staircase to the Lair.
  7004 | D:8      | Found a flagged portal.
  7009 | Bailey   | Entered a bailey
  7056 | Bailey   | Reached skill level 9 in Fighting
  7143 | Bailey   | Noticed a vault guard
  7143 | Bailey   | Noticed Prince Ribbit
  7161 | Bailey   | Killed a vault guard
  7165 | Bailey   | Killed Prince Ribbit
  7354 | Bailey   | Noticed a vault guard
  7364 | Bailey   | Killed a vault guard
  7727 | D:8      | Noticed Maggie
  7738 | D:8      | Killed Maggie
  7738 | D:8      | Reached *** piety under Qazlal
  7850 | D:8      | Found a radiant altar of Vehumet.
  8756 | Lair:1   | Entered Level 1 of the Lair of Beasts
  8756 | Lair:1   | Noticed a black mamba
  8769 | D:8      | Reached XP level 11. HP: 82/99 MP: 15/15
  8824 | D:8      | Reached skill level 10 in Fighting
  8828 | D:8      | Reached skill level 10 in Armour
  9479 | Lair:1   | Got the Parchment of Sizzling Last Rites
  9758 | Lair:2   | Noticed a four-headed hydra
  9761 | Lair:2   | Found a hole to the Spider Nest.
  9773 | Lair:2   | Noticed a seven-headed hydra
 10035 | D:9      | Reached skill level 11 in Fighting
 10036 | D:9      | Reached **** piety under Qazlal
 10403 | D:9      | Reached XP level 12. HP: 97/110 MP: 17/17
 10595 | D:9      | Found Gepsinyu's General Store.
 10913 | D:10     | Entered Level 10 of the Dungeon
 11049 | D:10     | Reached skill level 15 in Axes
 11053 | D:10     | Reached skill level 1 in Dodging
 11228 | D:10     | Noticed an ogre mage
 11269 | D:10     | Killed an ogre mage
 11836 | D:10     | Noticed a catoblepas
 11845 | D:10     | Killed a catoblepas
 11906 | D:10     | Found a runed translucent door.
 11909 | D:10     | Noticed a five-headed hydra
 11910 | D:10     | Noticed a catoblepas
 11911 | D:10     | Found a runed translucent door.
 11912 | D:10     | Found a runed translucent door.
 11940 | D:10     | Identified the +0 pair of gloves of the Kettle-Drum {Drain
                  | rF+ Will+ Stlth+}
 12158 | D:11     | Identified 2 scrolls of acquirement
 12158 | D:11     | Acquired the +8 orange crystal plate armour {Archmagi,
                  | Int+3 Clar}
 12158 | D:11     | Found the +8 orange crystal plate armour {Archmagi, Int+3
                  | Clar}
 12179 | D:11     | Acquired a manual of Fighting
 12409 | D:11     | Reached skill level 12 in Fighting
 12466 | D:11     | Noticed a two-headed ogre
 12472 | D:11     | Killed a two-headed ogre
 12687 | D:11     | Reached ***** piety under Qazlal
 12955 | D:12     | Noticed a tengu warrior
 12979 | D:12     | Killed a tengu warrior
 13060 | D:12     | Found Atui's Armour Boutique.
 13393 | D:12     | Noticed a two-headed ogre
 13399 | D:12     | Killed a two-headed ogre
 13536 | D:12     | Reached skill level 13 in Fighting
 13536 | D:12     | Reached XP level 13. HP: 76/122 MP: 17/19
 13652 | D:12     | Identified the +2 dagger of Bankruptcy {heavy, Dex+3}
 14085 | D:12     | Found a staircase to the Orcish Mines.
 14180 | D:12     | Identified the +6 trident of Gygeamm {freeze, rElec rC+
                  | Int-5}
 14292 | D:13     | Noticed Rupert
 14295 | D:13     | Paralysed by Rupert for 2 turns
 14310 | D:12     | Killed Rupert
 14479 | D:13     | Reached skill level 5 in Dodging
 14483 | D:13     | Reached skill level 14 in Fighting
 14545 | D:13     | Identified the +5 sling of Autumn {freeze, rF+ rC+ Dex+3
                  | Stlth-}
 15193 | D:13     | Got Irau's Compendium of the Aged Invaders
 15638 | Lair:1   | Reached skill level 15 in Fighting
 15775 | Lair:2   | Reached skill level 10 in Invocations
 16955 | Lair:3   | Reached skill level 16 in Fighting
 16977 | Lair:3   | Reached XP level 14. HP: 137/137 MP: 20/20
 17037 | Lair:3   | Found a staircase to the Swamp.
 17092 | Lair:3   | Found a shadowy altar of Dithmenos.
 17735 | Lair:4   | Noticed Nessos
 17745 | Lair:4   | Killed Nessos
 18096 | Lair:4   | Noticed Josephine
 18109 | Lair:4   | Killed Josephine
 18712 | Lair:5   | Entered Level 5 of the Lair of Beasts
 18867 | Lair:5   | Reached skill level 17 in Fighting
 18870 | Lair:5   | Reached ****** piety under Qazlal
 19049 | Lair:5   | Found a staircase to the Slime Pits.
 19284 | Lair:5   | Reached skill level 18 in Fighting
 19853 | Lair:5   | Reached skill level 15 in Armour
 20297 | Lair:5   | Found a corrupted altar of Lugonu.
 20297 | Lair:5   | Found a one-way gate to the infinite horrors of the Abyss.
 20308 | Lair:5   | Identified the ring of Pyromania {Fire +Blink rCorr Int+5
                  | Dex-3}
 20442 | Lair:5   | Reached XP level 15. HP: 151/151 MP: 22/22
 20634 | Orc:1    | Entered Level 1 of the Orcish Mines
 20652 | Orc:1    | Reached skill level 19 in Fighting
 21552 | Orc:2    | Entered Level 2 of the Orcish Mines
 22335 | Orc:2    | Found Puul's Book Emporium.
 22555 | Orc:2    | Found Gexeyfac's General Store.
 22556 | Orc:2    | Found Ezyis's Book Shop.
 22558 | Orc:2    | Found Emioq's Antique Armour Shop.
 22558 | Orc:2    | Found Memyv's Antique Weapon Boutique.
 22576 | Orc:2    | Bought a runed hat for 273 gold pieces
 22624 | Orc:2    | Found a staircase to the Elven Halls.
 22780 | Elf:1    | Entered Level 1 of the Elven Halls
 22846 | Elf:1    | Reached skill level 20 in Fighting
 22969 | Elf:1    | Noticed Jorgrun
 22975 | Elf:1    | Killed Jorgrun
 23998 | Elf:1    | Identified the +6 chain mail of Home {+Blink}
 24110 | Elf:2    | Paralysed by an air elemental for 1 turns
 24573 | Elf:2    | Paralysed by an air elemental for 1 turns
 24671 | Elf:2    | Found a runed translucent gate.
 24671 | Elf:2    | Found a runed translucent gate.
 24671 | Elf:2    | Found a runed translucent gate.
 24713 | Elf:2    | Reached XP level 16. HP: 124/165 MP: 23/23
 25702 | Elf:2    | Reached skill level 10 in Shields
 25860 | Elf:2    | Noticed a deep elf blademaster
 25880 | Elf:2    | Killed a deep elf blademaster
 26386 | Elf:3    | Entered Level 3 of the Elven Halls
 26710 | Elf:3    | Got the Octavo of Flesh
 26774 | Elf:3    | Got the Folio of the Ill-starred Mob
 26788 | Elf:3    | Found Cocau's Armour Emporium.
 26856 | Elf:3    | Reached skill level 21 in Fighting
 26998 | Elf:3    | Noticed a deep elf blademaster
 27003 | Elf:3    | Noticed an Ice Fiend
 27005 | Elf:3    | Noticed a deep elf master archer
 27271 | Elf:3    | Noticed an Ice Fiend
 27272 | Elf:3    | Noticed a Hell Sentinel
 27501 | Elf:2    | Killed a deep elf blademaster
 28033 | Elf:3    | Identified the +5 dagger of Watchfulness {antimagic, rElec}
 28039 | Elf:3    | Identified the +8 dagger of Discord {freeze, rC+}
 28258 | Elf:3    | Identified the +1 scale mail "Rapsoj" {Dex+6}
 28258 | Elf:3    | Noticed a deep elf blademaster
 28261 | Elf:3    | Identified the +3 sling of the Lonely Moons {elec, rC+
                  | Int+7}
 28263 | Elf:3    | Noticed a deep elf master archer
 28269 | Elf:3    | Killed a deep elf master archer
 28572 | Elf:3    | Killed a deep elf master archer
 28598 | Elf:3    | Killed a deep elf blademaster
 28668 | Elf:3    | Reached XP level 17. HP: 173/173 MP: 25/25
 28680 | Elf:3    | Identified the +1 ring mail "Netzut" {Int+3}
 28774 | Elf:3    | Identified the +2 pair of boots of the Spider Nest {rElec
                  | rN+ Will+}
 29288 | Swamp:1  | Entered Level 1 of the Swamp
 30230 | D:1      | Bought a scroll of brand weapon for 114 gold pieces
 30230 | D:1      | Bought a scroll of enchant armour for 90 gold pieces
 30836 | Swamp:2  | Reached skill level 15 in Shields
 31134 | Swamp:2  | Noticed Frances
 31135 | Swamp:2  | Identified the +3 rapier "Ogreslayer" {venom, *Slow Fly
                  | rC++ Int+3}
 31143 | Swamp:2  | Killed Frances
 31209 | Swamp:2  | Found a hazy altar of Hepliaklqana.
 31398 | Swamp:2  | Found a runed translucent door.
 31399 | Swamp:2  | Noticed a tentacled monstrosity
 31400 | Swamp:2  | Identified the +8 spear of the Globe {drain, Str+2}
 31402 | Swamp:2  | Noticed feta's ghost (adept HOFi)
 31506 | Swamp:2  | Killed a tentacled monstrosity
 31527 | Swamp:2  | Killed feta's ghost
 31649 | Swamp:3  | Noticed Mlioglotl
 31669 | Swamp:3  | Killed Mlioglotl
 31671 | Swamp:3  | Noticed Kirke
 31696 | Swamp:3  | Killed Kirke
 31840 | Swamp:3  | Noticed Bai Suzhen
 31857 | Swamp:3  | Killed Bai Suzhen
 32088 | Swamp:4  | Entered Level 4 of the Swamp
 32345 | Swamp:4  | Identified the +7 spear "Jup Qeoz" {freeze, rF+ Int+2 Dex+2
                  | SInv}
 32364 | Swamp:4  | Reached XP level 18. HP: 182/182 MP: 27/27
 32816 | Swamp:4  | Noticed the 27-headed Lernaean hydra
 32827 | Swamp:4  | Killed the 26-headed Lernaean hydra
 33357 | Swamp:4  | Got a decaying rune of Zot
 33701 | Spider:1 | Entered Level 1 of the Spider Nest
 34654 | Spider:2 | Reached skill level 15 in Invocations
 35326 | Spider:3 | Noticed Arachne
 35450 | Spider:2 | Killed Arachne
 36329 | Spider:4 | Entered Level 4 of the Spider Nest
 36492 | Spider:4 | Reached XP level 19. HP: 174/191 MP: 29/29
 36588 | Spider:4 | Reached skill level 22 in Fighting
 37045 | Spider:4 | Got a gossamer rune of Zot
 37549 | D:14     | Noticed Urug
 37549 | D:14     | Found a gate to the Vaults.
 37563 | D:14     | Killed Urug
 37953 | D:14     | Found a bloodstained altar of Trog.
 37969 | D:14     | Identified the +0 animal skin of Snakes and Ladders {rF-
                  | Str+4}
 38532 | Vaults:1 | Entered Level 1 of the Vaults
 39074 | Vaults:1 | Noticed Aizul
 39088 | Vaults:1 | Killed Aizul
 39254 | Vaults:1 | Got the Quarto of Phlogiston and the Whammy
 39675 | Vaults:1 | Reached XP level 20. HP: 202/202 MP: 31/31
 40117 | Vaults:2 | Reached skill level 23 in Fighting
 40123 | Vaults:2 | Noticed Boris
 40152 | Vaults:2 | Killed Boris
 40343 | Vaults:2 | Found a staircase to the Crypt.
 40562 | Vaults:2 | Identified the +7 plate armour of Modesty {rN+ Will++
                  | Slay+3}
 41279 | Vaults:2 | Noticed Asterion
 41290 | Vaults:2 | Killed Asterion
 41325 | Vaults:2 | You fall into a shaft and drop 1 floor!
 41889 | Vaults:3 | Found Eleroas's Jewellery Emporium.
 41983 | Vaults:3 | Acquired the ring of Dogma {Will+ Int-2 Dex+2 Stlth+}
 42248 | Vaults:3 | Reached XP level 21. HP: 213/213 MP: 33/33
 42284 | Vaults:3 | Found Ulargh's Magic Scroll Boutique.
 42374 | Vaults:3 | Bought a scroll of fear for 68 gold pieces
 42374 | Vaults:3 | Bought a scroll of blinking for 127 gold pieces
 42374 | Vaults:3 | Bought a scroll of teleportation for 51 gold pieces
 42374 | Vaults:3 | Bought a scroll of fear for 68 gold pieces
 42803 | Vaults:3 | Noticed Boris
 42813 | Vaults:3 | Killed Boris
 43097 | Vaults:4 | Reached skill level 24 in Fighting
 44108 | Vaults:5 | Entered Level 5 of the Vaults
 44254 | Vaults:5 | Noticed a golden dragon
 44490 | Vaults:5 | Killed a golden dragon
 44642 | Vaults:5 | Identified the +4 chain mail of Fedhas's Displeasure
                  | {Str+5}
 44655 | Vaults:5 | Reached XP level 22. HP: 88/224 MP: 35/35
 44914 | Vaults:5 | Noticed Boris
 44919 | Vaults:5 | Killed Boris
 45163 | Vaults:5 | Reached skill level 25 in Fighting
 45195 | Vaults:5 | Noticed a golden dragon
 45210 | Vaults:5 | Killed a golden dragon
 45492 | Vaults:5 | Identified the +0 ring mail "Lerywn" {rN+ Dex-2 SInv
                  | Stlth+}
 45497 | Vaults:5 | Got a silver rune of Zot
 45756 | Vaults:5 | Found the +3 greatsling "Punk" {acid, rCorr}
 45758 | Vaults:5 | Got the Monograph on Molten Maleficia
 46938 | D:15     | Entered Level 15 of the Dungeon
 47072 | D:15     | Found a staircase to the Depths.
 47268 | D:15     | Found a radiant altar of Vehumet.
 47601 | Depths:1 | Entered Level 1 of the Depths
 48010 | Depths:1 | Found a gateway to Hell.
 48209 | Depths:1 | Found a one-way gate leading to the halls of Pandemonium.
 48340 | Depths:1 | Found a sacrificial altar of Ru.
 48647 | Depths:2 | Noticed Sojobo
 48669 | Depths:2 | Killed Sojobo
 48922 | Depths:2 | Noticed Vv
 48934 | Depths:2 | Reached XP level 23. HP: 137/236 MP: 37/37
 48945 | Depths:2 | Killed Vv
 50192 | Depths:3 | Reached skill level 26 in Fighting
 51568 | Depths:4 | Entered Level 4 of the Depths
 52622 | Depths:4 | Noticed Parghit
 52639 | Depths:4 | Killed Parghit
 52946 | Depths:4 | Found a one-way gateway to a ziggurat.
 53137 | Depths:4 | Found a gate to the Realm of Zot.
 53512 | Slime:1  | Entered Level 1 of the Pits of Slime
 54073 | Slime:4  | Gained mutation: You do not regenerate when monsters are
                  | visible. [a shining eye]
 54117 | Slime:4  | Reached XP level 24. HP: 187/247 MP: 37/37
 54158 | Slime:5  | Entered Level 5 of the Pits of Slime
 54755 | Slime:5  | Noticed the Royal Jelly
 54977 | Slime:4  | Mangled by a rockslime

Illustrated notes

Levels and vault maps discovered:
D:1:      lemuel_arrival_broad_hall, layout_basic, serial_shops, shop,
          dreamdust_princess_corridor
D:2:      layout_loops_ring, minmay_joined_circles, uniq_crazy_yiuf_cottage
D:3:      layout_rooms, lemuel_crystal_altar, uniq_robin, uniq_sigmund
D:4:      layout_loops_ring, lemuel_crystal_altar
D:5:      lemuel_insect_pit, layout_gridville, minmay_curled_crystal, uniq_ijyb
D:6:      layout_loops_cross, mainiacjoe_overflow_catch_the_wave,
          minmay_temple_entry_drinking_statues, hellmonk_ghost_happy_afterlife
D:7:      layout_loops_corners
D:8:      layout_layer_cave, mainiacjoe_overflow_alcove_1, dpeg_oklobed_lair,
          enter_bailey_3, chequers_serial_rivers_micro_b,
          nicolae_fountain_basement, uniq_maggie
D:9:      layout_loops_cross, serial_shops, nicolae_shop_tiny_glass
D:10:     minmay_the_grid_four_pointed_star_mashed
          [minmay_the_grid_triangle_9x9_longest,
          minmay_the_grid_triangle_9x9_stretched_checkered,
          minmay_the_grid_triangle_9x9_fully_insulated_deathbox,
          minmay_the_grid_triangle_9x9_limited_checkers,
          minmay_the_grid_prize_shrinking_boxes], layout_irregular_city,
          minmay_hedge_maze
D:11:     layout_basic, serial_glass, glass_columns_a, glass_columns_b,
          bh_walls_and_bars
D:12:     minmay_cornered_nines, layout_loops_ring, hiddenorc1_lemuel,
          serial_shops, nicolae_inconvenience_store
D:13:     layout_irregular_city, uniq_rupert
D:14:     layout_stronghold, david_vaults_3, chequers_serial_rivers_marsh,
          hangedman_stone_soup, bloody_trog
D:15:     gammafunk_depths_entry_grave, layout_loops_ring, fiery_altar_vehumet
Lair:1:   layout_big_grid
Lair:2:   layout_regular_city, nicolae_spider_entry_non_spiders
Lair:3:   layout_cave_pods, nicolae_swamp_entry_splash_gauntlet, basic_altar,
          grunt_megastairs_1, serial_bayou_shore_b
Lair:4:   layout_regular_city, kilobyte_rumbling_trees, uniq_josephine,
          uniq_nessos
Lair:5:   hellmonk_lair_end_abyssal_woods, layout_long_grid, slime_entry_1,
          chequers_serial_rivers_micro_b, nicolae_lair_run_with_the_wolves,
          infiniplex_staircase_pool
Swamp:1:  layout_falls_marsh, evilmike_swamp_ruin_house_4, swamp_pool1,
          grunt_witch_cave
Swamp:2:  layout_falls_marsh, ebering_ghost_funeral_grove,
          nicolae_swamp_godswood, uniq_frances
Swamp:3:  layout_basic_swamp, nicolae_swamp_small_spring, uniq_bai_suzhen,
          uniq_mlioglotl, uniq_kirke
Swamp:4:  swamp_alternative, layout_basic_swamp
Spider:1: layout_spider_delve, drop_trap
Spider:2: layout_spider_delve, nicolae_looking_at_the_future
Spider:3: layout_spider_delve, spiders_nest_ghost_moth_duel, uniq_arachne
Spider:4: guppyfry_spider_rune
Slime:1:  layout_caves, nicolae_slime_barrier
Slime:2:  layout_caves
Slime:3:  layout_caves
Slime:4:  layout_caves, cheibrodos_slime_lost_civilization_4
Slime:5
Orc:1:    layout_diamond_mine, serial_shops
Orc:2:    st_orc_congregation, layout_caves, serial_shops, shop,
          hellmonk_bongcloud_opening, nicolae_orc_tapped_out
Elf:1:    nicolae_elf_arrival_fired_up, layout_gridlike,
          kennysheep_underground_church, uniq_jorgrun
Elf:2:    elven_hall_of_blades_hangedman_original
          [nicolae_blade_entry_area_security], layout_gridlike
Elf:3:    grunt_elf_hall_asides, layout_onion_city, serial_shops,
          nicolae_shop_stone, nicolae_elf_shapeshifter_party
Vaults:1: portal_desolation_entry_nicolae_nacl, nicolae_vaults_sightless_eye,
          hangedman_vaults_cutoff, v_pattern_5,
          vaults_room_grunt_arrival_ludios, ontoclasm_vaults_gateway,
          v_alt_pattern_2, nicolae_vaults_security_offices_1,
          vaults_room_ringed_pool, v_rooms_6, ontoclasm_vaults_twist,
          nicolae_vaults_double_plus_2, nicolae_vaults_circle_grid_b,
          layout_vaults_omnicross, uniq_aizul
Vaults:2: hangedman_vaults_corner, blue_anna_dwarven_crypt,
          hangedman_vaults_stretched_pinwheel, nicolae_vaults_display_case,
          v_alt_pattern_6, hangedman_vaults_stretched_pinwheel, v_misc_19,
          ontoclasm_vaults_bender, vaults_room_grid,
          nicolae_vaults_stepped_doors, hangedman_vaults_stretched_pinwheel,
          v_pattern_2, vaults_room_fours, nicolae_vaults_three_branches,
          layout_vaults_ring, uniq_asterion, uniq_boris
Vaults:3: nicolae_vaults_little_squares_6, vaults_dpeg_cross,
          nicolae_vaults_network_periphery, nicolae_vaults_triangles,
          ontoclasm_vaults_decontamination, ontoclasm_vaults_eye,
          nicolae_vaults_little_squares_4, vaults_dpeg_emergency_exit,
          v_misc_33, nicolae_vaults_apartment_1, serial_ice_g,
          layout_vaults_omnigrid, serial_shops,
          nicolae_shop_temple_entry_statues_fountains, shop
Vaults:4: nicolae_vaults_octagons, nicolae_vaults_tetromino_L_2,
          nicolae_vaults_ninety_degrees, v_alt_pattern_4,
          nicolae_vaults_closet_pinwheel_5, nicolae_vaults_tangram_2,
          vaults_room_door_hall, nicolae_vaults_closet_pinwheel_2,
          vaults_mumra_chevron, grunt_vaults_focal,
          nicolae_vaults_mini_display_case, layout_vaults_omnibox, uniq_margery
Vaults:5: serial_shops
Depths:1: layout_cave_pools, grunt_decor_arrowhead, rand_demon_pan_entry_8,
          abyss_entry_crystal, hell_entry, hangedman_ru_absence
Depths:2: kennysheep_green_arena, layout_small_grid, grunt_hell_entry_dis_old,
          infiniplex_staircase_x, pan_entry, uniq_sojobo, uniq_vv
Depths:3: grunt_double_whammy, layout_cave_shapes, abyss_entry,
          chequers_serial_rivers_micro_c, hell_entry,
          serial_sigils_hangedman_confine, chequers_big_river,
          nicolae_benzene_ring
Depths:4: grunt_twist_and_shout, layout_honeycomb, enter_ziggurat_a,
          hangedman_coc_ice_floe, minmay_misc_feat_cross, uniq_parghit

Skill      XL: |  1  2  3  4  5  6  7  8  9 10 11 12 13 14 15 16 17 18 19 20 21 22 23 24 |
---------------+-------------------------------------------------------------------------+-----
Axes           | 3 4 5 6 7 9 11 13 14 16 17 18 19 | 19.6
Fighting       | 4 5 6 7 8 9 11 13 16 18 20 21 22 23 24 25 26 | 26.6
Armour         | 4 5 6 7 8 9 11 12 13 15 16 17 18 19 20 21 22 23 24 | 24.9
Shields        | 4 5 9 12 18 20 21 | 21.2
Invocations    | 2 4 5 6 8 9 10 11 13 14 15 17 19 20 22 23 24 | 24.1
Dodging        | 4 6 8 9 |  9.3

Action                     |  1- 3 |  4- 6 |  7- 9 | 10-12 | 13-15 | 16-18 | 19-21 | 22-24 || total
---------------------------+-------+-------+-------+-------+-------+-------+-------+-------++-------
  Melee: War axe           |    62 |    68 |   184 |       |       |       |       |       ||   314
         Headbutt          |     3 |    14 |    44 |   113 |   245 |   315 |   270 |   352 ||  1356
         Flail             |       |       |    35 |    94 |       |       |       |       ||   129
         Broad axe         |       |       |       |   516 |  1010 |  1273 |   849 |   899 ||  4547
 Invoke: Upheaval          |       |       |       |     1 |       |       |       |       ||     1
         Disaster Area     |       |       |       |       |     3 |     2 |     1 |       ||     6
         Elemental Force   |       |       |       |       |       |     1 |       |       ||     1
    Use: Scroll            |       |     6 |       |    17 |       |    30 |     1 |     7 ||    61
         Potion            |       |       |     3 |     1 |     2 |     4 |       |     4 ||    14
   Stab: Distracted        |       |       |       |       |       |       |    29 |    23 ||    52
 Armour: Scale mail        |    27 |    28 |    52 |     6 |       |       |       |       ||   113
         Plate armour      |       |       |    67 |   264 |       |       |       |       ||   331
         Crystal plate arm |       |       |       |    77 |   525 |  1022 |   174 |   163 ||  1961
         Gold dragon scale |       |       |       |       |       |       |       |    62 ||    62
  Dodge: Dodged            |    33 |    50 |    77 |   148 |   163 |   287 |    61 |    78 ||   897
         Repelled          |       |       |       |       |     6 |    11 |     2 |    11 ||    30
  Block: Orb               |       |       |     5 |       |       |       |       |       ||     5
         Buckler           |       |       |    11 |   327 |   533 |       |       |       ||   871
         Reflection        |       |       |       |     2 |    45 |    79 |   131 |    51 ||   308
         Tower shield      |       |       |       |       |   357 |  2250 |   992 |  1001 ||  4600
